PUB
PHILADELPHIA ATHLETICS @ OTTAWA KNIGHTS
08/09/1972
 
TOP OF THE 1ST
Philadelphia Athletics batting - Pitching for Ottawa Knights : LHP Jesús Barrera
Pitching: LHP Jesús Barrera
Batting: RHB Carl Plumer 0-0: Ball
1-0: Called Strike
1-1: Called Strike
1-2: Foul Ball, location: 2F
1-2: Foul Ball, location: 2F
1-2: DOUBLE (Line Drive, 3D, EV 95.0 MPH)
Batting: LHB Graham Burch 0-0: Swinging Strike
0-1: Swinging Strike
0-2: Ball
1-2: Ball
2-2: Strikes out swinging
Batting: RHB Bobby Bonds 0-0: Swinging Strike
0-1: Foul Ball, location: 9LMF
0-2: Ball
1-2: Ball
2-2: Strikes out swinging
Batting: RHB Steve Garvey 0-0: Called Strike
0-1: Ball
1-1: Called Strike
1-2: Strikes out looking
Top of the 1st over - 0 runs, 1 hit, 0 errors, 1 left on base; Philadelphia 0 - Ottawa 0
BOTTOM OF THE 1ST
Ottawa Knights batting - Pitching for Philadelphia Athletics : LHP Aurelio Serrano
Pitching: LHP Aurelio Serrano
Batting: LHB Rod Carew 0-0: Called Strike
0-1: Ball
1-1: Ball
2-1: Foul Ball, location: 23F
2-2: Ball
3-2: Foul Ball, location: 3F
3-2: Ground out 1-3 (Groundball, 23, EV 66.9 MPH)
Batting: RHB Dave Bailey 0-0: Foul Ball, location: 7LSF
0-1: Ball
1-1: Ball
2-1: Called Strike
2-2: Strikes out swinging
Batting: RHB Dick Allen 0-0: Ball
1-0: Ground out U3 (Groundball, 3S, EV 70.0 MPH)
Bottom of the 1st over - 0 runs, 0 hits, 0 errors, 0 left on base; Philadelphia 0 - Ottawa 0
TOP OF THE 2ND
Philadelphia Athletics batting - Pitching for Ottawa Knights : LHP Jesús Barrera
Batting: RHB Reginald Smith 0-0: Ball
1-0: Swinging Strike
1-1: Ball
2-1: Foul Ball, location: 7LDF
2-2: Strikes out swinging
Batting: RHB Fred Kendall 0-0: Called Strike
0-1: Foul Ball, location: 5FF
0-2: Ball
1-2: Ball
2-2: Foul Ball, location: 2F
2-2: Ball
3-2: Strikes out swinging
Batting: RHB Toby Harrah 0-0: Called Strike
0-1: Ball
1-1: Foul Ball, location: 9LMF
1-2: Foul Ball, location: 7LMF
1-2: Strikes out looking
Top of the 2nd over - 0 runs, 0 hits, 0 errors, 0 left on base; Philadelphia 0 - Ottawa 0
BOTTOM OF THE 2ND
Ottawa Knights batting - Pitching for Philadelphia Athletics : LHP Aurelio Serrano
Batting: LHB Bill Mitchell 0-0: Called Strike
0-1: Ball
1-1: Called Strike
1-2: Strikes out swinging
Batting: LHB Vicente Gutiérrez 0-0: Ball
1-0: Ball
2-0: Called Strike
2-1: Fly out, F6 (Popup, 6D, EV 70.0 MPH)
Batting: RHB Brooks Robinson 0-0: Called Strike
0-1: Called Strike
0-2: Ball
1-2: Ball
2-2: Ground out 5-3 (Groundball, 5, EV 101.3 MPH)
Bottom of the 2nd over - 0 runs, 0 hits, 0 errors, 0 left on base; Philadelphia 0 - Ottawa 0
TOP OF THE 3RD
Philadelphia Athletics batting - Pitching for Ottawa Knights : LHP Jesús Barrera
Batting: RHB António Gutiérrez 0-0: Ball
1-0: Ball
2-0: Ground out U3 (Groundball, 3, EV 85.6 MPH)
Batting: LHB Aurelio Serrano 0-0: Ball
1-0: SINGLE (Groundball, 4MD, EV 110.6 MPH)
Batting: RHB Carl Plumer 0-0: Called Strike
0-1: Swinging Strike
0-2: Fielders Choice at 2nd, 6-4 (Groundball, 6, EV 85.0 MPH)
Batting: LHB Graham Burch 0-0: Ball
1-0: Fly out, F9 (Flyball, 9D, EV 103.8 MPH)
Top of the 3rd over - 0 runs, 1 hit, 0 errors, 1 left on base; Philadelphia 0 - Ottawa 0
BOTTOM OF THE 3RD
Ottawa Knights batting - Pitching for Philadelphia Athletics : LHP Aurelio Serrano
Batting: LHB John Ford 0-0: SINGLE (Groundball, 4MD, EV 101.9 MPH)
Batting: RHB Duncan Soukup 0-0: Ball
1-0: Ball
2-0: Called Strike
2-1: Called Strike
2-2: Grounds into double play, 6-4-3 (Groundball, 56D, EV 96.3 MPH)
Batting: RHB Jesús Barrera 0-0: Foul Ball, location: 9LMF
0-1: Ball
1-1: SINGLE (Groundball, 34S, EV 72.5 MPH) (infield hit)
Batting: LHB Rod Carew 0-0: SINGLE (Groundball, 4MD, EV 105.0 MPH)
Jesús Barrera to second
Runner from 2nd tries for 3rd, OUT! 8-5
Bottom of the 3rd over - 0 runs, 3 hits, 0 errors, 1 left on base; Philadelphia 0 - Ottawa 0
TOP OF THE 4TH
Philadelphia Athletics batting - Pitching for Ottawa Knights : LHP Jesús Barrera
Batting: RHB Bobby Bonds 0-0: Called Strike
0-1: Called Strike
0-2: Ball
1-2: Ball
2-2: Foul Ball, location: 5F
2-2: Foul Ball, location: 2F
2-2: Foul Ball, location: 2F
2-2: Strikes out swinging
Batting: RHB Steve Garvey 0-0: Called Strike
0-1: Foul Ball, location: 2F
0-2: Ball
1-2: Strikes out swinging
Batting: RHB Reginald Smith 0-0: Ball
1-0: Ball
2-0: Ball
3-0: Base on Balls
Batting: RHB Fred Kendall 0-0: Swinging Strike
0-1: Ball
1-1: Swinging Strike
1-2: Foul Ball, location: 2F
1-2: Strikes out swinging
Top of the 4th over - 0 runs, 0 hits, 0 errors, 1 left on base; Philadelphia 0 - Ottawa 0
BOTTOM OF THE 4TH
Ottawa Knights batting - Pitching for Philadelphia Athletics : LHP Aurelio Serrano
Batting: RHB Dave Bailey 0-0: Foul Ball, location: 2F
0-1: Foul Ball, location: 2F
0-2: Ball
1-2: Ground out 4-3 (Groundball, 34D, EV 100.0 MPH)
Batting: RHB Dick Allen 0-0: Ball
1-0: Swinging Strike
1-1: Called Strike
1-2: Foul Ball, location: 2F
1-2: Strikes out swinging
Batting: LHB Bill Mitchell 0-0: Ball
1-0: Ball
2-0: Ball
3-0: Called Strike
3-1: Ground out U3 (Groundball, 3, EV 110.0 MPH)
Bottom of the 4th over - 0 runs, 0 hits, 0 errors, 0 left on base; Philadelphia 0 - Ottawa 0
TOP OF THE 5TH
Philadelphia Athletics batting - Pitching for Ottawa Knights : LHP Jesús Barrera
Batting: RHB Toby Harrah 0-0: Swinging Strike
0-1: Foul Ball, location: 9LMFF
0-2: SINGLE (Line Drive, 89M, EV 90.6 MPH)
Batting: RHB António Gutiérrez 0-0: Ball
1-0: Ball
2-0: Called Strike
2-1: Ball
3-1: Base on Balls
Toby Harrah to second
Batting: LHB Aurelio Serrano 0-0: Ball
1-0: Sac Bunt to 3S - play at third, runner OUT! 3-5
António Gutiérrez to second
Batting: RHB Carl Plumer 0-0: Fielders Choice at 2nd, 3-6 (Groundball, 3S, EV 90.6 MPH)
António Gutiérrez to third
Batting: LHB Graham Burch 0-0: Called Strike
0-1: Ball
1-1: Swinging Strike
1-2: Strikes out swinging
Top of the 5th over - 0 runs, 1 hit, 0 errors, 2 left on base; Philadelphia 0 - Ottawa 0
BOTTOM OF THE 5TH
Ottawa Knights batting - Pitching for Philadelphia Athletics : LHP Aurelio Serrano
Batting: LHB Vicente Gutiérrez 0-0: Ball
1-0: Called Strike
1-1: Swinging Strike
1-2: Ball
2-2: SINGLE (Groundball, 4MD, EV 101.9 MPH)
Batting: RHB Brooks Robinson 0-0: Called Strike
0-1: Ball
Wild Pitch!
Vicente Gutiérrez to second
1-1: Foul Ball, location: 2F
1-2: Fly out, F9 (Flyball, 9D, EV 103.1 MPH)
Runner from 2nd tags up, SAFE at 3rd, no throw by RF
Batting: LHB John Ford 0-0: Called Strike
0-1: Ball
1-1: Foul Ball, location: 7LSF
1-2: SINGLE (Line Drive, 8RS, EV 100.6 MPH)
Vicente Gutiérrez scores
Batting: RHB Duncan Soukup 0-0: Called Strike
0-1: Ball
1-1: Swinging Strike
1-2: Foul Ball, location: 3F
1-2: Grounds into double play, 5-4-3 (Groundball, 56S, EV 86.9 MPH)
Bottom of the 5th over - 1 run, 2 hits, 0 errors, 0 left on base; Philadelphia 0 - Ottawa 1
TOP OF THE 6TH
Philadelphia Athletics batting - Pitching for Ottawa Knights : LHP Jesús Barrera
Batting: RHB Bobby Bonds 0-0: Called Strike
0-1: Ball
1-1: Ball
2-1: Ball
3-1: Fly out, F4 (Popup, 4, EV 75.6 MPH)
Batting: RHB Steve Garvey 0-0: Called Strike
0-1: Called Strike
0-2: Ball
1-2: Ball
2-2: Strikes out swinging
Batting: RHB Reginald Smith 0-0: Ball
1-0: Ball
2-0: Swinging Strike
2-1: Single, Error in OF, E9, batter to second base (Line Drive, 9LM, EV 95.0 MPH)
Batting: RHB Fred Kendall 0-0: Foul Ball, location: 9LSF
0-1: Ball
1-1: Ball
2-1: Swinging Strike
2-2: Ball
3-2: Strikes out swinging
Top of the 6th over - 0 runs, 1 hit, 1 error, 1 left on base; Philadelphia 0 - Ottawa 1
BOTTOM OF THE 6TH
Ottawa Knights batting - Pitching for Philadelphia Athletics : LHP Aurelio Serrano
Pinch Hitting: RHB John Stevens 0-0: Ball
1-0: SOLO HOME RUN (Flyball, 78XD, EV 102.5 MPH), Distance : 381 ft
Batting: LHB Rod Carew 0-0: Ball
1-0: Foul Ball, location: 2LF
1-1: Ball
2-1: Foul Ball, location: 2F
2-2: SINGLE (Groundball, 4MD, EV 95.0 MPH)
Batting: RHB Dave Bailey 0-0: Sac Bunt to 13 - play at first, batter OUT! 1-3
Rod Carew to second
Batting: RHB Dick Allen 0-0: Called Strike
0-1: Ball
1-1: Ball
2-1: Ball
3-1: Fly out, F9 (Flyball, 9LS, EV 90.0 MPH)
Batting: LHB Bill Mitchell 0-0: Called Strike
0-1: Ball
1-1: Ball
2-1: Foul Ball, location: 2F
2-2: 2-RUN HOME RUN (Flyball, 7LD, EV 98.8 MPH), Distance : 343 ft
Batting: LHB Vicente Gutiérrez 0-0: Swinging Strike
0-1: SINGLE (Line Drive, 7S, EV 98.1 MPH)
Batting: RHB Brooks Robinson 0-0: Called Strike
0-1: Ball
1-1: Fielders Choice at 2nd, 6-4 (Groundball, 6, EV 100.6 MPH)
Bottom of the 6th over - 3 runs, 4 hits, 0 errors, 1 left on base; Philadelphia 0 - Ottawa 4
TOP OF THE 7TH
Philadelphia Athletics batting - Pitching for Ottawa Knights : LHP Jesús Barrera
Pitching: RHP César Guerrero
Batting: RHB Toby Harrah 0-0: Ball
1-0: Ball
2-0: Ball
3-0: Called Strike
3-1: Base on Balls
Batting: RHB António Gutiérrez 0-0: Ball
1-0: Fly out, F8 (Flyball, 8LM, EV 82.5 MPH)
Batting: LHB Aurelio Serrano 0-0: Called Strike
0-1: Bunted foul
0-2: Ball
Toby Harrah is caught stealing 2nd base 2-6
1-2: Ball
2-2: Ball
3-2: Strikes out swinging, 2-3 out at first.
Top of the 7th over - 0 runs, 0 hits, 0 errors, 0 left on base; Philadelphia 0 - Ottawa 4
BOTTOM OF THE 7TH
Ottawa Knights batting - Pitching for Philadelphia Athletics : LHP Aurelio Serrano
Batting: LHB John Ford 0-0: Ball
1-0: Ball
2-0: Ball
3-0: Called Strike
3-1: SOLO HOME RUN (Flyball, 7D, EV 100.0 MPH), Distance : 374 ft
Pitching: LHP Lance O'Connor
Batting: RHB Duncan Soukup 0-0: Called Strike
0-1: Foul Ball, location: 2F
0-2: Fly out, F2 (Popup, 2R, EV 95.0 MPH)
Pinch Hitting: LHB Hayden Wells 0-0: Foul Ball, location: 3F
0-1: Ball
1-1: SINGLE (Groundball, 4MD, EV 99.4 MPH)
Batting: LHB Rod Carew 0-0: Foul Ball, location: 2F
0-1: Ball
Hayden Wells is caught stealing 2nd base 2-6
1-1: TRIPLE (Line Drive, 8LXD, EV 103.8 MPH)
Batting: RHB Dave Bailey 0-0: Called Strike
0-1: Called Strike
0-2: Ball
1-2: Strikes out swinging
Bottom of the 7th over - 1 run, 3 hits, 0 errors, 1 left on base; Philadelphia 0 - Ottawa 5
TOP OF THE 8TH
Philadelphia Athletics batting - Pitching for Ottawa Knights : RHP César Guerrero
Pitching: RHP Júlio Granados
Batting: RHB Carl Plumer 0-0: Called Strike
0-1: Ball
1-1: Foul Ball, location: 2F
1-2: Strikes out swinging
Batting: LHB Graham Burch 0-0: Called Strike
0-1: Ball
1-1: Ball
2-1: Swinging Strike
2-2: Foul Ball, location: 5FF
2-2: Foul Ball, location: 2F
2-2: Fly out, F6 (Popup, 6M, EV 61.9 MPH)
Batting: RHB Bobby Bonds 0-0: Called Strike
0-1: Ball
1-1: Ball
2-1: Called Strike
2-2: Ball
3-2: Strikes out swinging
Top of the 8th over - 0 runs, 0 hits, 0 errors, 0 left on base; Philadelphia 0 - Ottawa 5
BOTTOM OF THE 8TH
Ottawa Knights batting - Pitching for Philadelphia Athletics : LHP Lance O'Connor
Batting: RHB Dick Allen 0-0: Called Strike
0-1: DOUBLE (Line Drive, 9LS, EV 97.5 MPH)
Batting: LHB Bill Mitchell 0-0: Ball
1-0: 2-RUN HOME RUN (Flyball, 9D, EV 95.6 MPH), Distance : 342 ft
Batting: LHB Vicente Gutiérrez 0-0: Swinging Strike
0-1: Ball
1-1: Ball
2-1: Fly out, F9 (Flyball, 89S, EV 84.4 MPH)
Batting: RHB Brooks Robinson 0-0: Foul Ball, location: 9LMF
0-1: Foul Ball, location: 9LSF
0-2: Strikes out swinging
Batting: LHB John Ford 0-0: Ball
1-0: Fly out, F8 (Line Drive, 78S, EV 90.0 MPH)
Bottom of the 8th over - 2 runs, 2 hits, 0 errors, 0 left on base; Philadelphia 0 - Ottawa 7
TOP OF THE 9TH
Philadelphia Athletics batting - Pitching for Ottawa Knights : RHP Júlio Granados
Batting: RHB Steve Garvey 0-0: Called Strike
0-1: Fly out, F8 (Flyball, 8RM, EV 84.4 MPH)
Batting: RHB Reginald Smith 0-0: Called Strike
0-1: Fly out, F8 (Flyball, 8RD, EV 87.5 MPH)
Batting: RHB Fred Kendall 0-0: Swinging Strike
0-1: Ball
1-1: Called Strike
1-2: Strikes out swinging
Top of the 9th over - 0 runs, 0 hits, 0 errors, 0 left on base; Philadelphia 0 - Ottawa 7
Friday, April 19th , 2024 - OOTP Baseball 24.8 Build 75